TOP OF THE 1ST |
Hamilton Cardinals batting - Pitching for Windy City ThunderBolts : LHP Axel Lund
|
Pitching: LHP Axel Lund
|
|
Batting: RHB Jonathan Winkler
|
0-0: Ball 1-0: Foul Ball, location: 2F 1-1: Fly out, F3 (Popup, 34, EV 60.6 MPH)
|
Batting: RHB Juan Carrillo
|
0-0: Foul Ball, location: 2F 0-1: Ball 1-1: Ground out 5-3 (Groundball, 56S, EV 80.0 MPH)
|
Batting: RHB Edgar Klockow
|
0-0: Ball 1-0: Called Strike 1-1: Swinging Strike 1-2: Foul Ball, location: 2F 1-2: Ball 2-2: SINGLE (Line Drive, 8RS, EV 100.6 MPH)
|
Batting: RHB Nelson Salamanca
|
0-0: Ball 1-0: Foul Ball, location: 2F 1-1: Foul Ball, location: 2F 1-2: DOUBLE (Flyball, 8RXD, EV 101.2 MPH) Edgar Klockow to third Runner from 3rd tries for Home, SAFE, no throw by CF
|
Batting: SHB Bobby Mercado
|
0-0: Ball 1-0: Ball 2-0: Ball 3-0: Base on Balls
|
Batting: RHB Mario Carbajal
|
0-0: Called Strike 0-1: Called Strike 0-2: Foul Ball, location: 2F 0-2: Ball 1-2: Ball 2-2: Ball 3-2: Ground out 5-3 (Groundball, 56, EV 104.4 MPH)
|
Top of the 1st over - 1 run, 2 hits, 0 errors, 2 left on base; Hamilton 1 - Windy City 0 |
BOTTOM OF THE 1ST |
Windy City ThunderBolts batting - Pitching for Hamilton Cardinals : RHP Rob Halley
|
Pitching: RHP Rob Halley
|
|
Batting: RHB Joe Thomas
|
0-0: Called Strike 0-1: Foul Ball, location: 2F 0-2: Ball 1-2: Ball 2-2: Fly out, F9 (Flyball, 9S, EV 80.6 MPH)
|
Batting: SHB Danny Gallegos
|
0-0: Ball 1-0: SINGLE (Groundball, 34D, EV 108.1 MPH)
|
Batting: RHB Kaoru Hamada
|
0-0: Called Strike 0-1: Called Strike 0-2: Foul Ball, location: 2F 0-2: Strikes out swinging
|
Batting: RHB Paul Holland
|
0-0: Called Strike 0-1: Ball 1-1: Foul Ball, location: 2F 1-2: Strikes out swinging
|
Bottom of the 1st over - 0 runs, 1 hit, 0 errors, 1 left on base; Hamilton 1 - Windy City 0 |
TOP OF THE 2ND |
Hamilton Cardinals batting - Pitching for Windy City ThunderBolts : LHP Axel Lund
|
Batting: RHB Shou-feng Chang
|
0-0: Called Strike 0-1: Ground out U3 (Groundball, 3S, EV 69.4 MPH)
|
Batting: LHB Pete Mitchell
|
0-0: Foul Ball, location: 2F 0-1: Ball 1-1: Ball 2-1: Ball 3-1: Foul Ball, location: 2F 3-2: Base on Balls
|
Batting: SHB Kelly Brooks
|
0-0: SINGLE (Groundball, 6MD, EV 100.0 MPH) Pete Mitchell to second
|
Batting: RHB Jonathan Winkler
|
0-0: Ball 1-0: Called Strike 1-1: Grounds into double play, 4-6-3 (Groundball, 4D, EV 105.0 MPH)
|
Top of the 2nd over - 0 runs, 1 hit, 0 errors, 1 left on base; Hamilton 1 - Windy City 0 |
BOTTOM OF THE 2ND |
Windy City ThunderBolts batting - Pitching for Hamilton Cardinals : RHP Rob Halley
|
Batting: RHB Nhat Phong
|
0-0: Ball 1-0: Swinging Strike 1-1: Swinging Strike 1-2: Strikes out looking
|
Batting: RHB Miguel Pacheco
|
0-0: Ground out 1-3 (Groundball, 13, EV 69.4 MPH)
|
Batting: RHB Dave Dominguez
|
0-0: Called Strike 0-1: Ball 1-1: Foul Ball, location: 2F 1-2: Foul Ball, location: 2F 1-2: Fly out, F7 (Flyball, 7LM, EV 74.4 MPH)
|
Bottom of the 2nd over - 0 runs, 0 hits, 0 errors, 0 left on base; Hamilton 1 - Windy City 0 |
TOP OF THE 3RD |
Hamilton Cardinals batting - Pitching for Windy City ThunderBolts : LHP Axel Lund
|
Batting: RHB Juan Carrillo
|
0-0: Called Strike 0-1: Ball 1-1: Swinging Strike 1-2: Fly out, F8 (Flyball, 8LS, EV 81.2 MPH)
|
Batting: RHB Edgar Klockow
|
0-0: Ball 1-0: Ball 2-0: Called Strike 2-1: Foul Ball, location: 2F 2-2: Strikes out swinging
|
Batting: RHB Nelson Salamanca
|
0-0: Ball 1-0: Fly out, F6 (Popup, 4S, EV 79.4 MPH)
|
Top of the 3rd over - 0 runs, 0 hits, 0 errors, 0 left on base; Hamilton 1 - Windy City 0 |
BOTTOM OF THE 3RD |
Windy City ThunderBolts batting - Pitching for Hamilton Cardinals : RHP Rob Halley
|
Batting: RHB Klaus Brown
|
0-0: Ball 1-0: Swinging Strike 1-1: Ball 2-1: Swinging Strike 2-2: Strikes out swinging
|
Batting: RHB Sim Damit
|
0-0: Ball 1-0: Called Strike 1-1: Ball 2-1: Fly out, F8 (Line Drive, 8RM, EV 84.4 MPH)
|
Batting: RHB Joe Thomas
|
0-0: Called Strike 0-1: Foul Ball, location: 2F 0-2: Foul Ball, location: 2F 0-2: Ball 1-2: Ball 2-2: Strikes out swinging
|
Bottom of the 3rd over - 0 runs, 0 hits, 0 errors, 0 left on base; Hamilton 1 - Windy City 0 |
TOP OF THE 4TH |
Hamilton Cardinals batting - Pitching for Windy City ThunderBolts : LHP Axel Lund
|
Batting: SHB Bobby Mercado
|
0-0: Ball 1-0: Swinging Strike 1-1: Swinging Strike 1-2: Foul Ball, location: 2F 1-2: Foul Ball, location: 2F 1-2: Ball 2-2: Ball 3-2: Foul Ball, location: 2F 3-2: Base on Balls
|
Batting: RHB Mario Carbajal
|
0-0: Called Strike 0-1: Foul Ball, location: 2F 0-2: Strikes out swinging
|
Batting: RHB Shou-feng Chang
|
0-0: Called Strike 0-1: Ball 1-1: Ball 2-1: Ball 3-1: Base on Balls Bobby Mercado to second
|
Batting: LHB Pete Mitchell
|
0-0: Foul Ball, location: 2F 0-1: Swinging Strike 0-2: DOUBLE (Line Drive, 78D, EV 105.0 MPH) Bobby Mercado scores Shou-feng Chang to third
|
Batting: SHB Kelly Brooks
|
0-0: Ball 1-0: Foul Ball, location: 2F 1-1: Foul Ball, location: 2F 1-2: SINGLE (Line Drive, 4MD, EV 99.4 MPH) Shou-feng Chang scores Pete Mitchell to third Runner from 3rd tries for Home, SAFE, throw by CF to home Kelly Brooks to second
|
Batting: RHB Jonathan Winkler
|
0-0: Ball 1-0: Ball 2-0: Ground out 5-3 (Groundball, 56, EV 85.6 MPH)
|
Batting: RHB Juan Carrillo
|
0-0: Ball 1-0: Ball 2-0: Called Strike 2-1: Foul Ball, location: 2F 2-2: Ball 3-2: Strikes out swinging
|
Top of the 4th over - 3 runs, 2 hits, 0 errors, 1 left on base; Hamilton 4 - Windy City 0 |
BOTTOM OF THE 4TH |
Windy City ThunderBolts batting - Pitching for Hamilton Cardinals : RHP Rob Halley
|
Batting: SHB Danny Gallegos
|
0-0: Called Strike 0-1: Fly out, F8 (Flyball, 8LD, EV 88.8 MPH)
|
Batting: RHB Kaoru Hamada
|
0-0: Ball 1-0: Called Strike 1-1: Ball 2-1: Ground out 4-3 (Groundball, 4M, EV 80.6 MPH)
|
Batting: RHB Paul Holland
|
0-0: Ball 1-0: Swinging Strike 1-1: Ball 2-1: Ball 3-1: Base on Balls
|
Batting: RHB Nhat Phong
|
0-0: Ball 1-0: Fly out, F8 (Flyball, 8RD, EV 97.5 MPH)
|
Bottom of the 4th over - 0 runs, 0 hits, 0 errors, 1 left on base; Hamilton 4 - Windy City 0 |
TOP OF THE 5TH |
Hamilton Cardinals batting - Pitching for Windy City ThunderBolts : LHP Axel Lund
|
Batting: RHB Edgar Klockow
|
0-0: Ball 1-0: Called Strike 1-1: Fly out, F8 (Flyball, 8LD, EV 81.2 MPH)
|
Batting: RHB Nelson Salamanca
|
0-0: SINGLE (Flyball, 6D, EV 93.8 MPH)
|
Batting: SHB Bobby Mercado
|
0-0: Called Strike 0-1: Ball 1-1: Ball 2-1: Called Strike 2-2: Ball 3-2: Fly out, F3 (Popup, 3F, EV 61.2 MPH)
|
Batting: RHB Mario Carbajal
|
0-0: Ball 1-0: Called Strike 1-1: Ground out 4-3 (Groundball, 4MS, EV 90.0 MPH)
|
Top of the 5th over - 0 runs, 1 hit, 0 errors, 1 left on base; Hamilton 4 - Windy City 0 |
BOTTOM OF THE 5TH |
Windy City ThunderBolts batting - Pitching for Hamilton Cardinals : RHP Rob Halley
|
Batting: RHB Miguel Pacheco
|
0-0: Called Strike 0-1: Ball 1-1: Foul Ball, location: 2F 1-2: Strikes out looking
|
Batting: RHB Dave Dominguez
|
0-0: Called Strike 0-1: Swinging Strike 0-2: Foul Ball, location: 2F 0-2: Ball 1-2: Ball 2-2: Strikes out swinging
|
Batting: RHB Klaus Brown
|
0-0: Ball 1-0: Swinging Strike 1-1: Foul Ball, location: 2F 1-2: Strikes out swinging
|
Bottom of the 5th over - 0 runs, 0 hits, 0 errors, 0 left on base; Hamilton 4 - Windy City 0 |
TOP OF THE 6TH |
Hamilton Cardinals batting - Pitching for Windy City ThunderBolts : LHP Axel Lund
|
Batting: RHB Shou-feng Chang
|
0-0: Foul Ball, location: 2F 0-1: SINGLE (Groundball, 4MD, EV 98.1 MPH)
|
Batting: LHB Pete Mitchell
|
0-0: 2-RUN HOME RUN (Line Drive, 9LD, EV 94.4 MPH), Distance : 356 ft
|
Pitching: LHP Craig Courcha
|
|
Batting: SHB Kelly Brooks
|
0-0: Called Strike 0-1: Called Strike 0-2: Strikes out looking
|
Batting: RHB Jonathan Winkler
|
0-0: Foul Ball, location: 2F 0-1: SINGLE (Groundball, 5D, EV 101.2 MPH)
|
Batting: RHB Juan Carrillo
|
0-0: Hit by Pitch Jonathan Winkler to second
|
Batting: RHB Edgar Klockow
|
0-0: Foul Ball, location: 2F 0-1: Foul Ball, location: 2F 0-2: Ball 1-2: Foul Ball, location: 2F 1-2: Ball 2-2: Fly out, F8 (Flyball, 8LXD, EV 101.2 MPH) Runner from 2nd tags up, SAFE at 3rd, no throw by CF
|
Batting: RHB Nelson Salamanca
|
0-0: Foul Ball, location: 2F 0-1: Ball Juan Carrillo is caught stealing 2nd base 2-4
|
Top of the 6th over - 2 runs, 3 hits, 0 errors, 1 left on base; Hamilton 6 - Windy City 0 |
BOTTOM OF THE 6TH |
Windy City ThunderBolts batting - Pitching for Hamilton Cardinals : RHP Rob Halley
|
Batting: RHB Sim Damit
|
0-0: Ball 1-0: Called Strike 1-1: Foul Ball, location: 2F 1-2: Foul Ball, location: 2F 1-2: Ball 2-2: Ball 3-2: Strikes out swinging
|
Batting: RHB Joe Thomas
|
0-0: SINGLE (Flyball, 89S, EV 91.9 MPH)
|
Pitching: RHP Norietsu Higashi
|
|
Batting: SHB Danny Gallegos
|
0-0: Foul Ball, location: 2F 0-1: Fly out, F9 (Flyball, 9LMF, EV 82.5 MPH)
|
Batting: RHB Kaoru Hamada
|
0-0: Called Strike 0-1: Ball 1-1: Called Strike 1-2: Ball 2-2: Strikes out looking
|
Bottom of the 6th over - 0 runs, 1 hit, 0 errors, 1 left on base; Hamilton 6 - Windy City 0 |
TOP OF THE 7TH |
Hamilton Cardinals batting - Pitching for Windy City ThunderBolts : LHP Craig Courcha
|
Batting: RHB Nelson Salamanca
|
0-0: Ball 1-0: Foul Ball, location: 2F 1-1: Swinging Strike 1-2: Ball 2-2: Ball 3-2: Base on Balls
|
Batting: SHB Bobby Mercado
|
0-0: Called Strike 0-1: Called Strike 0-2: Ball 1-2: Strikes out swinging
|
Batting: RHB Mario Carbajal
|
0-0: Swinging Strike 0-1: Called Strike 0-2: Ball 1-2: Grounds into double play, 6-4-3 (Groundball, 6, EV 81.9 MPH)
|
Top of the 7th over - 0 runs, 0 hits, 0 errors, 0 left on base; Hamilton 6 - Windy City 0 |
BOTTOM OF THE 7TH |
Windy City ThunderBolts batting - Pitching for Hamilton Cardinals : RHP Norietsu Higashi
|
Batting: RHB Donovan Deason
|
0-0: Foul Ball, location: 2F 0-1: Foul Ball, location: 2F 0-2: Foul Ball, location: 2F 0-2: Ball 1-2: Ball 2-2: Strikes out swinging
|
Batting: RHB Nhat Phong
|
0-0: Ball 1-0: Ball 2-0: Ground out 6-3 (Groundball, 6, EV 98.1 MPH)
|
Batting: RHB Miguel Pacheco
|
0-0: SINGLE (Line Drive, 9S, EV 110.6 MPH)
|
Batting: RHB Dave Dominguez
|
0-0: Ball 1-0: Called Strike 1-1: Fly out, F9 (Flyball, 89M, EV 85.6 MPH)
|
Bottom of the 7th over - 0 runs, 1 hit, 0 errors, 1 left on base; Hamilton 6 - Windy City 0 |
TOP OF THE 8TH |
Hamilton Cardinals batting - Pitching for Windy City ThunderBolts : LHP Craig Courcha
|
Batting: RHB Shou-feng Chang
|
0-0: Ball 1-0: Ball 2-0: Fly out, F8 (Flyball, 8LD, EV 106.9 MPH)
|
Batting: LHB Pete Mitchell
|
0-0: Ball 1-0: Ball 2-0: Foul Ball, location: 2F 2-1: Swinging Strike 2-2: Foul Ball, location: 2F 2-2: Foul Ball, location: 2F 2-2: Ball 3-2: Base on Balls
|
Batting: SHB Kelly Brooks
|
0-0: Swinging Strike 0-1: Fly out, F9 (Line Drive, 89M, EV 108.8 MPH)
|
Batting: RHB Jonathan Winkler
|
0-0: Ball 1-0: Called Strike 1-1: Ball 2-1: Ground out U3 (Groundball, 3L, EV 103.8 MPH)
|
Top of the 8th over - 0 runs, 0 hits, 0 errors, 1 left on base; Hamilton 6 - Windy City 0 |
BOTTOM OF THE 8TH |
Windy City ThunderBolts batting - Pitching for Hamilton Cardinals : RHP Norietsu Higashi
|
Batting: RHB Klaus Brown
|
0-0: Hit by Pitch
|
Pinch Hitting: RHB Eddie Dimas
|
0-0: Ball 1-0: Called Strike 1-1: Called Strike 1-2: Foul Ball, location: 2F 1-2: SINGLE (Line Drive, 6MD, EV 97.5 MPH) Klaus Brown to second
|
Batting: RHB Joe Thomas
|
0-0: Ball 1-0: Called Strike 1-1: Fielders Choice at 2nd, 5-4 (Groundball, 56, EV 100.6 MPH) Klaus Brown to third
|
Batting: SHB Danny Gallegos
|
0-0: Ball 1-0: Called Strike 1-1: Fielders Choice at 2nd, 4-6 (Groundball, 34, EV 81.9 MPH) Klaus Brown scores
|
Batting: RHB Kaoru Hamada
|
0-0: Ball 1-0: SINGLE (Line Drive, 6D, EV 93.8 MPH) Danny Gallegos to second
|
Batting: RHB Donovan Deason
|
0-0: Called Strike 0-1: Ball 1-1: Swinging Strike 1-2: Strikes out swinging
|
Bottom of the 8th over - 1 run, 2 hits, 0 errors, 2 left on base; Hamilton 6 - Windy City 1 |
TOP OF THE 9TH |
Hamilton Cardinals batting - Pitching for Windy City ThunderBolts : LHP Craig Courcha
|
Now at 2B: Ricky Avila
|
|
Now at SS: Danny Gallegos
|
|
Now in LF: Eddie Dimas
|
|
Batting: RHB Juan Carrillo
|
0-0: Ball 1-0: Ball 2-0: Called Strike 2-1: Foul Ball, location: 2F 2-2: Foul Ball, location: 2F 2-2: Foul Ball, location: 2F 2-2: Strikes out swinging
|
Batting: RHB Edgar Klockow
|
0-0: Foul Ball, location: 2F 0-1: Foul Ball, location: 2F 0-2: Strikes out swinging
|
Batting: RHB Nelson Salamanca
|
0-0: Ball 1-0: Called Strike 1-1: Called Strike 1-2: Ball 2-2: Ball 3-2: Fly out, F9 (Flyball, 9LM, EV 100.6 MPH)
|
Top of the 9th over - 0 runs, 0 hits, 0 errors, 0 left on base; Hamilton 6 - Windy City 1 |
BOTTOM OF THE 9TH |
Windy City ThunderBolts batting - Pitching for Hamilton Cardinals : RHP Norietsu Higashi
|
Pinch Hitting: RHB Camillo Bonauiti
|
0-0: Ball 1-0: Ground out 6-3 (Groundball, 6MS, EV 88.8 MPH)
|
Batting: RHB Miguel Pacheco
|
0-0: Ball 1-0: Called Strike 1-1: Swinging Strike 1-2: SOLO HOME RUN (Line Drive, 9LD, EV 101.2 MPH), Distance : 392 ft
|
Batting: RHB Dave Dominguez
|
0-0: Ground out 5-3 (Groundball, 56, EV 102.5 MPH)
|
Batting: RHB Klaus Brown
|
0-0: Ball 1-0: Ball 2-0: Ball 3-0: Base on Balls
|
Batting: RHB Eddie Dimas
|
0-0: Ball 1-0: Called Strike 1-1: Ball 2-1: Ball 3-1: Base on Balls Klaus Brown to second
|
Pitching: RHP David Lopez
|
|
Batting: RHB Ricky Avila
|
0-0: Swinging Strike 0-1: Called Strike 0-2: Foul Ball, location: 2F 0-2: Strikes out swinging
|
Bottom of the 9th over - 1 run, 1 hit, 0 errors, 2 left on base; Hamilton 6 - Windy City 2 |
|